Map: Oxide LE

Players

GunGFuBanDa - Winner!

  • Race: Protoss Protoss
  • League: Grandmaster

PtitDrogo

  • Race: Protoss Protoss
  • League: Grandmaster

Event: DreamHack SC2 Masters 2021 Summer

VOD

Have the link to the VOD?

Description

Time

  • Played on: May 22, 2021, 11:50 a.m.
  • Length: 6:30

All games in this series

Show
View Real Time Build Order
Export as new Build Order

GunGFuBanDa Protoss - Winner!

Build Orders: Blink Stalkers 

Get SALT Encoding   

  12  0:00  Probe  
  13  0:12  Probe  
  14  0:19  Pylon  
  14  0:24  Probe (Chrono Boost)  
  15  0:37  Probe (Chrono Boost)  
  15  0:39  Gateway  
  16  0:45  Probe (Chrono Boost)  
  16  0:49  Assimilator  
  17  0:51  Probe  
  18  1:02  Assimilator  
  18  1:03  Probe (Chrono Boost)  
  19  1:13  Probe (Chrono Boost)  
  19  1:17  Pylon  
  19  1:18  Probe (Chrono Boost)  
  21  1:26  Cybernetics Core  
  21  1:28  Zealot  
  23  1:35  Probe  
  24  1:47  Probe  
  26  2:01  Probe  
  26  2:07  Nexus  
  26  2:08  Stalker (Chrono Boost)  
  26  2:14  Warp Gate  
  27  2:19  Probe  
  28  2:28  Pylon  
  28  2:31  Sentry  
  30  2:37  Gateway  
  30  2:43  Probe  
  31  2:47  Shield Battery  
  31  2:55  Probe  
  31  2:57  Shield Battery  
  32  3:06  Twilight Council  
  32  3:10  Probe (Chrono Boost)  
  34  3:20  Probe (Chrono Boost)  
  34  3:22  Probe (Chrono Boost)  
  35  3:28  Probe (Chrono Boost)  
  35  3:30  Probe (Chrono Boost)  
  35  3:33  Probe (Chrono Boost)  
  37  3:38  Probe  
  37  3:39  Blink (Chrono Boost)  
  39  3:45  Probe  
  39  3:50  Probe  
  40  3:57  Probe  
  41  4:03  Probe  
  41  4:04  Stalker x2  
  41  4:09  Probe  
  45  4:15  Probe  
  45  4:16  Pylon  
  46  4:21  Probe  
  47  4:27  Probe, Stalker  
  47  4:28  Stalker  
  47  4:29  Pylon  
  52  4:34  Probe  
  52  4:35  Forge  
  52  4:36  Pylon  
  53  4:39  Probe  
  53  4:47  Probe  
  53  4:51  Probe, Stalker  
  53  4:52  Stalker  
  59  4:55  Gateway  
  59  5:00  Probe  
  59  5:04  Assimilator  
  60  5:12  Probe  
  61  5:18  Probe  
  61  5:19  Stalker x2  
  65  5:28  Photon Cannon  
  65  5:30  Pylon  
  65  5:40  Nexus  
  65  5:42  Stalker x2  
  69  5:48  Robotics Facility  
  69  5:52  Stalker  
  69  5:53  Probe  
  72  5:58  Probe  
  73  6:05  Probe, Photon Cannon  
  73  6:10  Stalker  
  75  6:20  Stalker  
  75  6:21  Stalker  
Show
View Real Time Build Order
Export as new Build Order

PtitDrogo Protoss 

Build Orders: Oracle Opening 

Get SALT Encoding   

  12  0:00  Probe  
  13  0:12  Probe  
  14  0:19  Pylon  
  14  0:24  Probe  
  15  0:37  Probe (Chrono Boost)  
  15  0:38  Gateway  
  16  0:46  Probe (Chrono Boost), Assimilator  
  17  0:51  Probe  
  18  0:58  Assimilator  
  18  1:03  Probe (Chrono Boost)  
  19  1:05  Pylon  
  19  1:12  Probe (Chrono Boost)  
  19  1:18  Probe (Chrono Boost)  
  21  1:28  Cybernetics Core  
  21  1:30  Probe  
  22  1:36  Zealot  
  24  1:42  Probe  
  26  1:54  Probe  
  26  2:05  Stargate  
  26  2:15  Nexus  
  26  2:22  Stalker  
  29  2:30  Probe  
  29  2:34  Pylon  
  29  2:37  Warp Gate  
  28  2:46  Oracle (Chrono Boost)  
  31  2:52  Shield Battery  
  31  2:55  Probe  
  32  3:07  Probe  
  33  3:18  Oracle (Chrono Boost)  
  37  3:21  Probe (Chrono Boost)  
  37  3:22  Gateway  
  37  3:28  Probe (Chrono Boost)  
  39  3:37  Probe (Chrono Boost)  
  39  3:38  Probe (Chrono Boost)  
  40  3:47  Probe x2  
  42  3:50  Twilight Council  
  42  3:52  Forge  
  42  3:59  Probe x2  
  44  4:11  Probe x2  
  46  4:23  Probe (Chrono Boost), Pylon  
  48  4:26  Probe (Chrono Boost)  
  48  4:27  Dark Shrine  
  48  4:30  Assimilator  
  48  4:35  Probe (Chrono Boost)  
  50  4:40  Probe (Chrono Boost)  
  50  4:41  Probe (Chrono Boost)  
  51  4:47  Probe  
  51  4:49  Probe  
  51  4:51  Photon Cannon  
  53  4:59  Probe, Nexus  
  54  5:01  Probe  
  54  5:02  Shield Battery  
  55  5:12  Probe  
  55  5:14  Probe  
  57  5:24  Probe, Pylon  
  57  5:25  Gateway  
  57  5:26  Probe, Gateway  
  59  5:30  Stalker  
  61  5:36  Probe  
  61  5:42  Dark Templar  
  58  5:43  Gateway  
  58  5:49  Gateway x2, Dark Templar  
  60  6:02  Nexus  
  60  6:05  Probe, Pylon  
  60  6:10  Probe  
  60  6:14  Dark Templar  
  60  6:17  Probe  
Tags
 
Add a new tag
Caveats
  • Supply blocks, unpowered buildings, or Contaminate may cause inaccurate times.
  • Supply counts are checked every 10 seconds.